 Dungeon Crawl Stone Soup version 0.29-a0-925-g0a7a3d12f8 (webtiles) character file.

Game seed: 2594597458091391088

9 Newt the Twirler (level 2, 0/24 HPs)
             Began as a Meteoran Gladiator on July 28, 2022.
             Slain by a rat (2 damage)
             ... on level 1 of the Dungeon.
             The game lasted 00:00:21 (60 turns).

Newt the Twirler (Meteoran Gladiator)                 Turns: 60, Time: 00:00:22

Health: 0/24       AC:  4    Str: 15    XL:     2   Next: 41%
Magic:  3/3        EV: 13    Int:  9    God:
Gold:   0          SH:  0    Dex: 15    Spells: 1/1 levels left

rFire   . . .      SeeInvis .   a - +0 quarterstaff
rCold   . . .      Faith    .   (shield currently unavailable)
rNeg    . . .      Spirit   .   b - +0 leather armour
rPois   .          Reflect  .   c - +0 helmet
rElec   .          Harm     .   (no cloak)
rCorr   .          Rampage  .   (no gloves)
Will    .....                   (no boots)
Stlth   +.........              (no amulet)
HPRegen 0.08/turn               (no ring)
MPRegen 0.08/turn               (no ring)

@: flying, glowing
A: sense surroundings 1, otherworldly, glowing, explore regen
a: no special abilities


You were on level 1 of the Dungeon.
You visited 1 branch of the dungeon, and saw 1 of its levels.

Inventory:

Hand Weapons
 a - a +0 quarterstaff (weapon)
Missiles
 d - 3 throwing nets (quivered)
 e - a javelin
Armour
 b - a +0 leather armour (worn)
 c - a +0 helmet (worn)


   Skills:
 + Level 2.2 Fighting
 + Level 3.9 Staves
 + Level 2.8 Throwing
 + Level 3.8 Dodging


You had one spell level left.
You didn't know any spells.
Your spell library was empty.

Dungeon Overview and Level Annotations

Branches:
Dungeon (1/15) Zot: 535

Altars:


Innate Abilities, Weirdness & Mutations

You passively map a small area around you.
You are easily found by Zot.
You glow in the dark.
You regain HP and MP as you explore.


Message History

The quokka is almost dead.
The quokka bites you. The quokka misses you. The rat bites you.
The quokka barely misses you.
You are too injured to fight recklessly!
You are too injured to fight recklessly!
You are too injured to fight recklessly!
You are too injured to fight recklessly!
You closely miss the quokka.
The quokka is severely wounded.
The quokka bites you but does no damage.
The rat completely misses you. The quokka closely misses you.
The quokka bites you but does no damage.
You closely miss the quokka.
The quokka is severely wounded.
The rat bites you. The quokka closely misses you. The quokka barely misses you.
You hit the quokka but do no damage.
The quokka is severely wounded.
The rat bites you but does no damage.
The quokka bites you but does no damage.
The quokka barely misses you. The rat bites you.
You barely miss the quokka.
The quokka is severely wounded.
The quokka barely misses you.
The quokka bites you but does no damage.
The quokka barely misses you. The rat barely misses you.
The quokka closely misses you.
You closely miss the quokka.
The quokka is severely wounded.
The quokka bites you.
* * * LOW HITPOINT WARNING * * *
The quokka bites you.
* * * LOW HITPOINT WARNING * * *
The rat bites you but does no damage.
You sock the quokka!
You kill the quokka!
The quokka barely misses you. The rat bites you but does no damage.
It was a potion of flight.
You feel very buoyant.
You fly up into the air.
The quokka closely misses you. The rat bites you.
You die...

⌠##....# #.....# * _
#..##.### *
,*#..##...# #
#.....#.# .### ,
#.###.#.### ####...#.,
* , #†#...####........
. , #..##......r......
...###†.####..@r......
* , , ,
........##....†...#..#
.....#..........### *
,.............#.## ,
....[........#.# , *
...........#.#.# , * *
≈ ,.....###........, *
, ,..... #####.##.
..... .# ,.


You could see a quokka and a rat.

Vanquished Creatures
  A dart slug (D:1)
  2 hobgoblins (D:1)
  A quokka (D:1)
  4 rats (D:1)
8 creatures vanquished.

Notes
Turn   | Place    | Note
-------+----------+-------------------------------------------
     0 | D:1      | Newt the Meteoran Gladiator began the quest for the Orb.
     0 | D:1      | Reached XP level 1. HP: 17/17 MP: 2/2
    33 | D:1      | Reached XP level 2. HP: 17/24 MP: 3/3
    60 | D:1      | Slain by a rat

Illustrated notes

Levels and vault maps discovered:
D:1:      mrwooster_arrival_statue_2, layout_rooms,
          ebering_ecumenical_altar_hall, serial_bayou_crossing

Action                   || total
-------------------------++-------
Melee: Quarterstaff      ||    27
  Use: Potion            ||     1
Armor: Leather armour    ||    16
Dodge: Dodged            ||    25

Table legend: (Time is in decaauts)
 A = Elapsed time spent in this place.
 B = Non-inter-level travel time spent in this place.
 C = Inter-level travel time spent in this place.
 D = Time resting spent in this place.
 E = Time spent auto-exploring this place.
 F = Levels seen in this place.
 G = Mean time per level.
                   A        B        C        D        E       F      G
               +--------+--------+--------+--------+--------+-----+--------+
         Total |     63 |     63 |      0 |      0 |     18 |   1 |   63.0 |
       Dungeon |     63 |     63 |      0 |      0 |     18 |   1 |   63.0 |
               +--------+--------+--------+--------+--------+-----+--------+

Top non-repeatable levels by time:
     D:1: 63 daAuts
